Map: Eastwatch LE

Players

Kelazhur - Winner!

  • Race: Terran Terran
  • Spawn Location: 1:00

HeRoMaRinE

  • Race: Terran Terran
  • Spawn Location: 7:00

Event: IEM Season 12 - PyeongChang

VOD

Have the link to the VOD?

Description

Time

  • Played on: Feb. 5, 2018, 1:51 a.m.
  • Length: 16:26

All games in this series

Show
View Real Time Build Order
Export as new Build Order

Kelazhur Terran - Winner!

Build Orders:  

Get SALT Encoding   

  12  0:00  SCV  
  13  0:12  SCV  
  14  0:17  Supply Depot  
  14  0:27  SCV  
  15  0:39  Barracks  
  15  0:44  Refinery  
  15  0:57  Barracks  
  15  1:01  SCV  
  16  1:09  Refinery  
  16  1:13  SCV  
  17  1:27  Reaper  
  17  1:32  Orbital Command  
  18  1:44  Reaper  
  19  1:57  SCV  
  19  1:59  Reaper  
  21  2:05  Supply Depot  
  21  2:10  SCV  
  22  2:16  Reaper  
  23  2:25  Factory  
  23  2:33  Reaper  
  23  2:36  SCV  
  23  2:48  SCV  
  23  2:49  Reaper  
  25  2:56  Supply Depot  
  25  3:00  SCV  
  25  3:05  Reaper  
  27  3:09  Cyclone  
  27  3:12  SCV  
  31  3:20  Engineering Bay  
  31  3:24  Starport  
  31  3:25  SCV  
  32  3:37  SCV  
  32  3:39  Supply Depot  
  32  3:41  Cyclone  
  34  4:13  SCV  
  34  4:14  Cyclone  
  34  4:22  Viking  
  34  4:24  Missile Turret  
  35  4:43  SCV  
  33  4:47  Cyclone  
  33  4:52  Command Center  
  35  4:54  Viking  
  37  5:00  SCV  
  38  5:12  SCV  
  38  5:20  Barracks Reactor  
  38  5:22  Factory  
  38  5:25  SCV  
  38  5:37  SCV  
  38  5:46  Viking  
  38  5:49  SCV  
  41  5:52  Supply Depot  
  41  6:01  SCV  
  42  6:12  Cyclone  
  42  6:13  SCV  
  42  6:14  Cyclone  
  42  6:15  Missile Turret  
  49  6:25  SCV  
  50  6:34  Refinery x2  
  50  6:35  Orbital Command  
  50  6:37  SCV  
  50  6:39  Barracks Tech Lab  
  51  6:46  Hellion x2  
  55  6:51  SCV  
  56  6:58  Hellion  
  58  7:01  Starport Reactor  
  58  7:02  SCV  
  58  7:03  SCV  
  58  7:08  Hellion  
  62  7:12  Supply Depot  
  62  7:13  Hellion  
  62  7:14  SCV  
  65  7:17  SCV  
  65  7:22  Hellion  
  68  7:26  SCV  
  68  7:29  SCV  
  70  7:35  Supply Depot  
  70  7:39  SCV  
  70  7:41  SCV  
  72  7:49  Viking  
  72  7:50  Viking  
  72  7:51  SCV  
  77  7:53  SCV  
  77  7:57  Siege Tank  
  81  7:59  Supply Depot  
  81  8:03  SCV  
  82  8:10  SCV  
  79  8:14  Liberator x2  
  81  8:20  Hellion  
  81  8:21  Hellion, Command Center  
  89  8:39  Siege Tank  
  92  8:46  Supply Depot  
  90  8:49  Armory x2  
  90  8:54  Hellion x2  
  90  8:55  SCV  
  91  8:59  Infernal Pre-Igniter  
  91  9:11  Supply Depot, Factory  
  91  9:12  Factory  
  91  9:14  Siege Tank  
  94  9:24  Hellion  
  94  9:25  Hellion, SCV  
  86  9:43  SCV  
  77  9:47  SCV x2  
  79  9:55  SCV  
  79  9:59  SCV  
  81  10:00  Factory Reactor, Factory Tech Lab  
  81  10:07  Hellion x2, Siege Tank  
  87  10:08  SCV  
  87  10:13  Supply Depot, Orbital Command  
  89  10:19  Viking x2  
  90  10:24  Siege Tank  
  93  10:35  Hellion x2  
  97  10:37  Supply Depot  
  97  10:38  Terran Vehicle Weapons Level 1  
  97  10:40  Terran Vehicle And Ship Armor Level 1  
  97  10:43  SCV x2  
  97  10:47  Siege Tank  
  102  10:54  Hellion, Orbital Command  
  102  10:55  Hellion  
  106  10:58  Hellion  
  106  11:02  Supply Depot  
  106  11:03  SCV  
  109  11:10  Viking  
  111  11:14  Refinery  
  111  11:30  SCV  
  111  11:31  SCV x2  
  114  11:36  Hellion  
  114  11:37  Hellion x3  
  114  11:38  Siege Tank  
  125  11:42  Viking  
  125  11:43  Viking  
  125  11:47  SCV  
  130  11:48  SCV  
  130  11:50  Refinery  
  131  11:55  Thor  
  131  11:58  SCV  
  137  12:01  SCV  
  137  12:03  SCV  
  136  12:10  SCV  
  136  12:12  Viking  
  136  12:13  SCV  
  139  12:15  SCV  
  139  12:21  Viking  
  139  12:22  SCV  
  140  12:24  Hellion, Siege Tank  
  140  12:25  Hellion  
  140  12:29  SCV  
  133  12:32  Hellion  
  133  12:33  Missile Turret  
  133  12:35  SCV x2  
  136  12:41  SCV  
  136  12:42  Viking  
  137  12:47  SCV  
  137  12:48  SCV, Hellion x2  
  137  12:51  Viking  
  142  12:56  Supply Depot  
  138  13:01  Siege Tank x2  
  138  13:06  Hellion x2  
  138  13:12  Viking  
  144  13:16  SCV x2  
  146  13:22  Hellion x2  
  147  13:27  Viking  
  147  13:28  Hellion  
  147  13:33  Siege Tank  
  154  13:34  Liberator  
  154  13:40  Liberator  
  154  13:46  Siege Tank  
  139  13:58  Hellion x2  
  139  14:00  Factory  
  149  14:12  Orbital Command  
  142  14:34  Medivac  
  142  14:37  Refinery x2  
  144  14:40  Medivac  
  146  14:47  Siege Tank, Factory Tech Lab  
  152  14:54  Hellion x2  
  152  14:55  Sensor Tower  
  152  14:57  Supply Depot x2  
  156  15:08  Supply Depot  
  156  15:13  Missile Turret, Hellion x2  
  157  15:17  Missile Turret  
  157  15:19  Siege Tank  
  160  15:23  Siege Tank x2  
  160  15:25  Medivac x2  
  170  15:42  Hellion x3  
  166  15:51  Siege Tank  
  166  15:55  Medivac x2  
  170  16:03  Hellion  
Show
View Real Time Build Order
Export as new Build Order

HeRoMaRinE Terran 

Build Orders: 1/1/1, Banshee Rush 

Get SALT Encoding   

  12  0:00  SCV  
  13  0:12  SCV  
  14  0:17  Supply Depot  
  14  0:24  SCV  
  14  0:28  Refinery  
  15  0:38  SCV  
  16  0:44  Barracks  
  16  0:50  SCV  
  16  0:54  Refinery  
  17  1:03  SCV  
  18  1:15  SCV  
  19  1:31  Factory  
  19  1:32  Orbital Command  
  19  1:34  Reaper  
  20  1:43  Supply Depot  
  20  1:57  SCV  
  21  2:06  Reaper  
  22  2:09  SCV  
  22  2:15  Hellion, Starport  
  25  2:21  SCV  
  25  2:30  Supply Depot  
  25  2:39  Barracks Tech Lab  
  25  2:41  Hellion  
  25  2:42  SCV  
  27  2:54  SCV  
  28  3:01  Cloaking Field, Banshee  
  31  3:09  Cyclone  
  35  3:15  Barracks Reactor  
  34  3:22  SCV  
  35  3:37  Command Center  
  38  3:49  Banshee  
  38  3:52  Marine x2  
  38  3:55  SCV  
  37  4:07  SCV  
  27  4:18  Cyclone  
  27  4:21  SCV  
  29  4:35  SCV  
  26  4:42  Marine  
  26  4:43  Marine  
  25  4:48  SCV  
  25  4:49  Viking  
  28  5:00  SCV, Marine x2  
  28  5:02  Factory Tech Lab  
  31  5:12  SCV  
  29  5:16  Orbital Command  
  29  5:26  Banshee  
  32  5:30  SCV  
  33  5:42  SCV  
  31  5:46  Siege Tank  
  31  5:48  SCV  
  35  5:54  SCV  
  35  5:57  Marine x2  
  36  6:00  SCV  
  39  6:04  Orbital Command  
  39  6:06  SCV  
  43  6:18  SCV  
  43  6:22  Marine x2  
  46  6:27  Bunker, Raven  
  46  6:30  SCV x2  
  47  6:35  Supply Depot  
  47  6:40  Marine x2  
  47  6:42  SCV x2  
  47  6:45  Siege Tank  
  51  6:54  SCV  
  51  6:55  SCV  
  51  6:58  Marine x2  
  51  7:00  Supply Depot  
  55  7:06  SCV  
  55  7:07  SCV  
  57  7:18  SCV  
  57  7:19  SCV  
  57  7:22  Refinery  
  59  7:25  Viking x2  
  63  7:30  SCV  
  63  7:31  SCV  
  63  7:33  Supply Depot  
  65  7:37  Siege Tank  
  65  7:43  SCV x2  
  70  7:46  Supply Depot x2  
  70  7:55  Viking x2  
  70  7:58  SCV x2  
  76  8:02  Supply Depot  
  76  8:03  Marine  
  77  8:09  Siege Tank  
  77  8:10  SCV x2  
  82  8:21  Marine  
  82  8:22  SCV x2  
  82  8:25  Viking  
  87  8:27  Refinery  
  87  8:29  Viking  
  89  8:34  SCV x2  
  89  8:38  Marine  
  89  8:40  Supply Depot  
  92  8:41  Stimpack  
  92  8:46  SCV x2  
  94  8:56  Siege Tank, Marine  
  98  9:05  Viking  
  98  9:07  Supply Depot  
  98  9:09  Viking  
  104  9:13  Barracks  
  104  9:15  Marine  
  103  9:33  SCV  
  103  9:35  Viking  
  87  9:40  Viking  
  68  9:47  Siege Tank, Marine  
  68  9:50  Command Center  
  72  10:01  Barracks  
  72  10:02  Barracks Reactor  
  72  10:03  Barracks  
  72  10:07  Marine  
  74  10:08  Barracks  
  74  10:10  Liberator x2  
  74  10:11  SCV x2  
  73  10:23  SCV x2  
  73  10:24  Siege Tank  
  82  10:32  Marine  
  85  10:37  Supply Depot  
  85  10:39  Marine x2  
  85  10:40  Engineering Bay  
  85  10:42  Combat Shields  
  85  10:44  Supply Depot  
  85  10:50  Marine  
  85  10:56  Barracks Reactor x3, Siege Tank, Marine  
  85  10:57  Marine  
  90  10:59  Marine x2  
  90  11:03  Orbital Command  
  93  11:10  Viking x2  
  98  11:14  Marine x2  
  98  11:17  Marauder  
  101  11:18  Barracks Tech Lab x2  
  101  11:20  SCV x2  
  101  11:21  Orbital Command  
  103  11:30  Siege Tank  
  106  11:39  Marauder x3  
  112  11:40  Marine x4  
  112  11:44  Viking  
  118  11:49  Viking  
  120  11:55  Missile Turret  
  120  12:00  Marauder  
  124  12:01  Marauder  
  124  12:08  Liberator x2  
  122  12:09  SCV, Marine x3  
  122  12:10  SCV x2  
  126  12:21  SCV, Marauder  
  126  12:22  SCV x2  
  124  12:32  Marauder  
  124  12:36  Refinery  
  126  12:37  Marauder, Refinery  
  126  12:39  Missile Turret  
  126  12:40  Marine x2  
  126  12:42  Marine x2  
  126  12:44  Marauder  
  125  12:53  Marauder  
  125  12:58  Marine  
  127  12:59  Marauder  
  127  13:05  Marauder  
  121  13:06  Marine x3  
  120  13:15  Marauder  
  120  13:16  Marine  
  118  13:20  Marauder  
  118  13:22  Medivac  
  118  13:23  Marine  
  118  13:26  Marine x2  
  124  13:33  SCV x3  
  127  13:34  Medivac  
  127  13:37  Marauder x2  
  116  13:52  Marauder  
  116  13:54  Marine x2  
  103  13:59  Marauder  
  103  14:00  Marauder  
  103  14:01  Marine x2  
  107  14:06  Medivac  
  107  14:07  SCV  
  110  14:11  SCV  
  109  14:18  Medivac  
  111  14:25  SCV  
  112  14:36  Medivac  
  112  14:37  SCV x2  
  112  14:38  SCV  
  117  14:48  Medivac  
  117  14:49  SCV x2  
  117  14:50  SCV  
  122  14:59  Marauder x2  
  126  15:01  SCV  
  126  15:02  SCV, Marauder  
  126  15:06  Marine x3  
  134  15:14  Marine  
  134  15:20  Marine  
  134  15:21  Marauder  
  130  15:23  Marauder  
  130  15:24  Marine x2  
  134  15:29  Marine  
  134  15:32  Marine  
  124  15:38  Marauder  
  124  15:42  Marauder  
  128  15:55  Marauder  
  128  15:57  Marine  
  120  16:00  Marauder  
  120  16:03  Marauder  

Tags
 
Add a new tag
Caveats
  • Supply blocks, unpowered buildings, or Contaminate may cause inaccurate times.
  • Supply counts are checked every 10 seconds.